Map: Newkirk Precinct TE (Void)

Players

Hydro - Winner!

  • Race: Zerg Zerg
  • Spawn Location: 7:00

Fropez

  • Race: Protoss Protoss
  • League: Platinum
  • Spawn Location: 5:00

VOD

Have the link to the VOD?

Description

Time

  • Played on: Jan. 26, 2017, 2:38 p.m.
  • Length: 12:32
Show
View Real Time Build Order
Export as new Build Order

Hydro Zerg - Winner!

Build Orders: Pool First 

Get SALT Encoding   

  12  0:02  Drone  
  13  0:13  Overlord  
  13  0:21  Drone  
  14  0:25  Overlord  
  14  0:30  Extractor  
  14  0:32  Drone  
  14  0:36  Drone  
  15  0:46  Drone  
  16  0:58  Spawning Pool  
  16  1:01  Drone  
  16  1:11  Drone  
  17  1:20  Drone  
  18  1:35  Hatchery  
  17  1:48  Zergling x4  
  17  1:50  Queen  
  21  2:04  Metabolic Boost  
  21  2:08  Zergling x4  
  23  2:15  Drone  
  24  2:35  Hatchery  
  23  2:46  Drone x3  
  23  2:50  Drone  
  27  2:52  Queen  
  29  3:00  Drone  
  29  3:02  Drone  
  29  3:05  Drone  
  32  3:06  Extractor  
  31  3:12  Zergling x2  
  31  3:13  Zergling x2  
  31  3:15  Zergling x2  
  31  3:18  Zergling x2  
  34  3:20  Drone  
  35  3:27  Overlord  
  35  3:34  Overlord  
  35  3:41  Lair  
  35  3:49  Drone x3  
  35  3:55  Zergling x4  
  40  3:57  Zergling x2  
  40  4:00  Zergling x2  
  42  4:04  Zergling x4  
  42  4:05  Zergling x2  
  42  4:07  Drone  
  42  4:09  Drone  
  47  4:20  Queen  
  47  4:21  Drone  
  50  4:27  Queen  
  52  4:44  Zergling x2  
  52  4:45  Drone x4  
  56  4:49  Overlord x2  
  56  5:00  Overlord x2  
  48  5:09  Drone x3  
  46  5:14  Drone x3  
  49  5:35  Spire  
  49  5:38  Extractor  
  49  5:39  Extractor, Zergling x2  
  49  5:40  Zergling x20  
  54  5:58  Spine Crawler  
  54  6:00  Spine Crawler, Zergling x10  
  54  6:01  Zergling x2  
  54  6:14  Zergling x6  
  54  6:15  Zergling x8  
  54  6:16  Zergling x2  
  55  6:18  Zergling x2  
  55  6:32  Roach Warren  
  55  6:35  Drone  
  55  6:36  Drone x2  
  55  6:38  Hydralisk Den  
  56  6:43  Drone  
  56  6:44  Drone x3  
  56  6:45  Drone  
  56  6:46  Drone  
  62  6:57  Drone  
  63  7:05  Mutalisk x4  
  71  7:09  Drone  
  72  7:17  Drone x2  
  72  7:18  Overlord  
  74  7:27  Evolution Chamber  
  74  7:28  Evolution Chamber  
  74  7:29  Drone  
  73  7:30  Drone x5  
  78  7:43  Mutalisk  
  78  7:44  Mutalisk x2  
  78  8:01  Mutalisk x5  
  78  8:02  Mutalisk x2  
  83  8:20  Drone x3  
  83  8:21  Drone x2  
  83  8:24  Spine Crawler x3, Drone  
  86  8:27  Drone  
  86  8:28  Drone x2  
  86  8:31  Extractor  
  86  8:32  Extractor  
  77  9:11  Hydralisk x4  
  77  9:12  Hydralisk x4  
  77  9:16  Muscular Augments  
  93  9:20  Zerg Ground Armor Level 1, Zerg Missile Weapons Level 1  
  93  9:23  Overlord x3  
  93  9:24  Overlord x3  
  93  9:33  Drone x2  
  93  9:34  Drone  
  96  9:39  Overseer  
  96  9:41  Hydralisk  
  96  9:42  Hydralisk x4  
  96  9:45  Zergling x6  
  109  9:55  Hydralisk x2  
  109  9:56  Hydralisk x2  
  117  10:17  Hydralisk x3  
  117  10:18  Hydralisk x4  
  130  10:33  Hydralisk x2  
  130  10:34  Hydralisk x4  
  142  10:48  Mutalisk  
  142  10:49  Overlord, Mutalisk  
  144  10:55  Hatchery  
  145  11:10  Hydralisk x4  
  153  11:43  Overlord x2  
  153  11:44  Overlord x3  
  153  11:45  Overlord x2  
  153  11:48  Pneumatized Carapace  
Show
View Real Time Build Order
Export as new Build Order

Fropez Protoss 

Build Orders:  

Get SALT Encoding   

  12  0:01  Probe (Chrono Boost)  
  13  0:11  Probe (Chrono Boost)  
  14  0:19  Pylon  
  14  0:23  Probe (Chrono Boost)  
  15  0:37  Probe (Chrono Boost)  
  16  0:44  Gateway  
  16  0:47  Assimilator  
  16  0:48  Probe (Chrono Boost)  
  17  1:05  Pylon  
  18  1:11  Probe (Chrono Boost)  
  18  1:25  Pylon  
  18  1:29  Gateway  
  18  1:33  Cybernetics Core  
  18  1:42  Probe (Chrono Boost)  
  18  1:45  Assimilator  
  19  1:53  Probe (Chrono Boost)  
  20  2:03  Probe (Chrono Boost)  
  20  2:19  Mothership Core (Chrono Boost)  
  22  2:26  Adept  
  24  2:32  Adept  
  26  2:37  Probe (Chrono Boost)  
  26  2:39  Warp Gate  
  27  2:48  Probe (Chrono Boost)  
  27  2:51  Pylon  
  28  2:55  Adept  
  30  3:00  Probe (Chrono Boost)  
  31  3:09  Adept  
  33  3:17  Probe (Chrono Boost)  
  34  3:22  Nexus  
  34  3:26  Adept  
  36  3:40  Twilight Council  
  37  3:41  Probe (Chrono Boost)  
  37  3:45  Pylon  
  37  3:53  Probe (Chrono Boost)  
  38  4:03  Gateway  
  38  4:05  Probe (Chrono Boost)  
  38  4:09  Resonating Glaives  
  40  4:17  Probe (Chrono Boost)  
  40  4:18  Assimilator  
  40  4:19  Pylon  
  40  4:29  Probe (Chrono Boost)  
  41  4:44  Gateway  
  41  4:45  Gateway  
  41  4:48  Pylon  
  41  5:00  Adept  
  41  5:06  Adept x2  
  43  5:08  Probe (Chrono Boost)  
  43  5:09  Probe (Chrono Boost)  
  45  5:17  Forge  
  45  5:20  Pylon  
  45  5:23  Probe (Chrono Boost)  
  46  5:29  Probe (Chrono Boost)  
  48  5:35  Probe (Chrono Boost)  
  48  5:40  Protoss Ground Weapons Level 1  
  48  5:46  Adept x3  
  54  5:57  Adept  
  56  6:02  Probe (Chrono Boost)  
  56  6:03  Probe (Chrono Boost)  
  48  6:20  Forge  
  48  6:21  Forge  
  48  6:22  Adept, Pylon  
  48  6:28  Probe x2 (Chrono Boost)  
  52  6:40  Probe x2 (Chrono Boost)  
  52  6:45  Robotics Facility  
  52  6:46  Adept  
  54  6:52  Probe x2 (Chrono Boost)  
  54  6:53  Protoss Shields Level 1  
  56  6:54  Photon Cannon  
  56  6:57  Pylon  
  56  6:58  Adept x2  
  60  7:01  Protoss Ground Armor Level 1  
  60  7:19  Adept  
  60  7:20  Adept, Probe x2 (Chrono Boost)  
  66  7:32  Warp Prism, Probe (Chrono Boost)  
  69  7:38  Sentry x3  
  69  7:40  Sentry x2  
  77  8:04  Stalker x2  
  77  8:05  Stalker  
  75  8:09  Pylon  
  75  8:12  Assimilator  
  65  8:27  Stalker x3  
  65  8:29  Pylon  
  71  8:40  Stalker x2  
  68  8:53  Stalker x2  
  69  9:20  Mothership Core (Chrono Boost)  
  71  9:26  Stalker  
  71  9:27  Stalker  
  75  9:42  Zealot x3  
  81  9:47  Nexus  
  81  9:51  Protoss Ground Armor Level 2  
  81  9:55  Protoss Ground Weapons Level 2  
  81  10:10  Photon Cannon  
  81  10:11  Pylon  
  81  10:20  Zealot  
  81  10:21  Zealot x4  
  87  10:28  Pylon  
  87  10:30  Pylon  
  87  10:34  Gateway  
  87  10:35  Gateway  
  87  10:38  Gateway  
  87  10:39  Gateway  
  87  10:41  Charge  
  87  10:43  Pylon  
  87  10:51  Gateway, Zealot x4  
  95  11:02  Probe x2 (Chrono Boost)  
  95  11:03  Probe (Chrono Boost)  
  96  11:14  Pylon  
  96  11:20  Photon Cannon  
  96  11:21  Pylon  
  96  11:22  Probe (Chrono Boost)  
  96  11:23  Probe (Chrono Boost)  
  98  11:44  Photon Cannon  
  98  11:47  Photon Cannon  
  98  11:52  Photon Cannon  
  98  11:53  Pylon  
  83  11:56  Photon Cannon  
  73  12:03  Adept x3  
  73  12:04  Adept  
  67  12:09  Zealot x2  
  56  12:28  Stalker  
Tags
 
Add a new tag
Caveats
  • Supply blocks, unpowered buildings, or Contaminate may cause inaccurate times.
  • Supply counts are checked every 10 seconds.